 Dungeon Crawl Stone Soup version 0.19-a0-1790-g026f1ef (webtiles) character file.

182 Proteus the Covert (level 5, -4/25 HPs)
             Began as a Spriggan Assassin on Oct 4, 2016.
             Killed from afar by Natasha (7 damage)
             ... with a magic dart
             ... on level 2 of the Dungeon.
             The game lasted 00:04:09 (2477 turns).

Proteus the Covert (Spriggan Assassin)              Turns: 2477, Time: 00:04:10

Health: -4/25      AC:  4    Str:  7    XL:     5   Next: 34%
Magic:  6/6        EV: 17    Int: 12    God:
Gold:   127        SH:  0    Dex: 19    Spells: 0 memorised, 4 levels left

rFire  . . .     SeeInvis +     h - +1 dagger (freeze)
rCold  . . .     Gourm    .     c - +0 robe
rNeg   . . .     Faith    .     (shield restricted)
rPois  .         Spirit   .     (helmet restricted)
rElec  .         Dismiss  .     d - +1 cloak
rCorr  .         Reflect  .     (gloves unavailable)
MR     .....     Harm     .     (boots unavailable)
Stlth  +++++..... Rnd*Tele +    (no amulet)
                                (no ring)
                                k - ring of teleportation (curse)

@: very quick
A: unfitting armour, see invisible, herbivore 3, speed 3, slow metabolism 2
a: no special abilities


You were on level 2 of the Dungeon.
You were not hungry.

You visited 1 branch of the dungeon, and saw 2 of its levels.

You collected 127 gold pieces.

Inventory:

Hand Weapons
 a - a +2 dagger
 b - a +0 blowgun
 h - a +1 dagger of freezing (weapon)
Missiles
 e - 34 poisoned needles
 f - 2 curare-tipped needles
Armour
 c - a +0 robe (worn)
 d - a +1 cloak (worn)
Jewellery
 k - a cursed ring of teleportation (left hand)
Scrolls
 j - 3 scrolls of identify
Comestibles
 g - a bread ration


   Skills:
 - Level 1.5 Fighting
 - Level 2.1 Short Blades
 - Level 2.0 Throwing
 - Level 1.5 Dodging
 + Level 10.1 Stealth


You had 4 spell levels left.
You didn't know any spells.

Dungeon Overview and Level Annotations

Branches:
Dungeon (2/15)

Altars:

Annotations:
D:2 Natasha


Innate Abilities, Weirdness & Mutations

You are very small and have problems with some larger weapons.
You are too small for most types of armour.
You have supernaturally acute eyesight. (SInv)
You are a herbivore.
You cover ground extremely quickly.
You need consume almost no food.


Message History

You hit the frilled lizard. You freeze the frilled lizard.
You kill the frilled lizard!
You start resting.
Natasha, Servant of Life and Death comes into view.
Natasha is nearby!
Natasha hisses angrily.
Things that are here:
a hunting sling; 23 stones You barely miss Natasha.
Natasha claws you but does no damage.
You hit Natasha. You freeze Natasha.
Natasha is lightly wounded.
Natasha claws you!
* * * LOW HITPOINT WARNING * * *
You are too injured to fight recklessly!
You are too injured to fight recklessly!
You hit Natasha but do no damage.
Natasha is lightly wounded.
Natasha stares at you and mumbles some strange words.
The magic dart hits you!
You die...

#.##.##.#####.##...#.
#.##.##.# #.##..#.. #.##.##.#
#.##..... #.##.##.# #.###.###
#.##.##.## #.# #....
#########.#.†....####.###..##
#......................)†..##
#.#########.....†###...###.##
#.# ##@##.## #......... #.#
#####h##.## #...###.## #.#
#.........###...###.# #.#
#.###.##....(....##># #.# #.#
#.###.#.......#.# #.# #.#
#.............#.# ### #.# #.#
#####.#....)..#%. ..# #.# #.#
#.###....#### #.###.######.#
#.# #>...#


You could see Natasha.

Vanquished Creatures
  Natasha (twice) (D:2)
  Robin (D:2)
  4 adders (D:2)
  2 worms (D:2)
  3 dart slugs
  3 leopard geckos
  A ball python (D:2)
  A giant cockroach (D:2)
  17 goblins
  8 hobgoblins
  4 jackals (D:1)
  6 kobolds
  5 bats
  3 frilled lizards
  10 rats
70 creatures vanquished.

Notes
Turn   | Place    | Note
-------+----------+-------------------------------------------
     0 | D:1      | Proteus the Spriggan Assassin began the quest for the Orb.
     0 | D:1      | Reached XP level 1. HP: 10/10 MP: 2/2
   213 | D:1      | Reached skill level 6 in Stealth
   514 | D:1      | Reached XP level 2. HP: 12/14 MP: 3/3
   591 | D:1      | Reached skill level 7 in Stealth
  1067 | D:1      | Reached XP level 3. HP: 18/18 MP: 4/4
  1406 | D:2      | Reached skill level 8 in Stealth
  1473 | D:2      | Noticed Natasha
  1481 | D:2      | Killed Natasha
  1481 | D:2      | Reached XP level 4. HP: 22/22 MP: 5/5
  1728 | D:2      | Noticed Robin
  1737 | D:2      | Reached skill level 9 in Stealth
  1766 | D:2      | Killed Robin
  2150 | D:2      | Reached XP level 5. HP: 25/25 MP: 6/6
  2165 | D:2      | Noticed Natasha
  2350 | D:2      | Killed Natasha
  2350 | D:2      | Reached skill level 10 in Stealth
  2473 | D:2      | Noticed Natasha
  2477 | D:2      | Killed from afar by Natasha

Vault maps used:
D:1:      zaba_arrival_water
D:2:      uniq_natasha, uniq_robin

Skill      XL: |  1  2  3  4  5 |
---------------+----------------+-----
Stealth        | 6 7 8 9 10 | 10.1
Fighting       | |  1.5
Short Blades   | |  2.1
Throwing       | |  2.0
Dodging        | |  1.5

Action                   |  1- 3 |  4- 6 || total
-------------------------+-------+-------++-------
Melee: Dagger            |   105 |    73 ||   178
  Use: Potion            |       |     1 ||     1
       Scroll            |       |     3 ||     3
 Stab: Sleeping          |    17 |     6 ||    23
       Distracted        |     1 |       ||     1
Armor: Robe              |    10 |     7 ||    17
Dodge: Dodged            |    58 |    39 ||    97
